 Dungeon Crawl Stone Soup version 0.26-a0-649-gf8c6c3aab7 (webtiles) character file.

Game seed: 9257241370724590776

112 djmy96 the Covert (level 4, -5/23 HPs)
             Began as a Spriggan Brigand on Sept 28, 2020.
             Killed by nerve-wracking pain
             ... invoked by Grinder
              (9 damage)
             ... on level 3 of the Dungeon.
             The game lasted 00:04:38 (2725 turns).

djmy96 the Covert (Spriggan Brigand)                Turns: 2725, Time: 00:04:38

Health: -5/23      AC:  2    Str:  7    XL:     4   Next: 63%
Magic:  5/5        EV: 17    Int: 12    God:
Gold:   131        SH:  0    Dex: 18    Spells: 3/3 levels left

rFire    x . .     SeeInvis +   j - +1 dagger (distort)
rCold    + . .     Faith    .   (shield restricted)
rNeg     . . .     Spirit   .   b - +0 robe
rPois    .         Reflect  .   (helmet restricted)
rElec    .         Harm     +   g - scarf {harm}
rCorr    .         Rampage  .   (gloves unavailable)
MR       .....                  (boots unavailable)
Stlth    ++++......             (no amulet)
HPRegen  0.07/turn              p - ring of ice
MPRegen  0.09/turn              (no ring)

@: brilliant, very quick
A: very small, unfitting armour, see invisible, speed 3
a: no special abilities


You were on level 3 of the Dungeon.
You visited 1 branch of the dungeon, and saw 4 of its levels.

You collected 131 gold pieces.

Inventory:

Hand Weapons
 j - a +1 dagger of distortion (weapon)
Missiles
 d - 31 poisoned darts
 e - 2 curare-tipped darts
 o - 132 stones (quivered)
Armour
 b - a +0 robe (worn)
 g - a scarf of harm (worn)
Jewellery
 p - a ring of ice (left hand)
Scrolls
 a - 2 scrolls of enchant weapon {unknown}
 f - 6 scrolls of remove curse {unknown}
 k - a scroll of blinking {unknown}
 m - a scroll of fog {unknown}
 n - 2 scrolls of immolation {unknown}
 s - a scroll of teleportation {unknown}
 u - 3 scrolls of identify {unknown}
Potions
 h - a potion of brilliance
 i - a potion of might {unknown}
 l - a potion of degeneration {unknown}
 q - a potion of stabbing {unknown}
 r - a potion of flight {unknown}
 v - a potion of heal wounds {unknown}


   Skills:
 + Level 2.0 Fighting
 + Level 2.9 Short Blades
 + Level 2.0 Throwing
 + Level 2.0 Dodging
 + Level 8.2 Stealth


You had 3 spell levels left.
You didn't know any spells.
Your spell library was empty.

Dungeon Overview and Level Annotations

Branches:
Dungeon (4/15)
 Temple: D:4-7

Altars:

Annotations:
D:3 Grinder


Innate Abilities, Weirdness & Mutations

You are very small and have problems with some larger weapons.
You are too small for most types of armour.
You have supernaturally acute eyesight. (SInv)
You cover ground extremely quickly.


Message History

You closely miss Grinder.
Grinder is lightly wounded.
You hit Grinder.
Space bends around Grinder.
Grinder is moderately wounded.
Grinder hits you.
You writhe in agony.
You hit Grinder.
Space warps horribly around Grinder!
Grinder is severely wounded.
Grinder gestures at you.
You suddenly lose the ability to move!
Grinder hits you. x3
* * * LOW HITPOINT WARNING * * *
You can move again.
Unknown command.
Unknown command.
Unknown command.
It was a potion of brilliance.
You feel clever all of a sudden. Grinder gestures at you.
Pain shoots through your body!
You die...

###### .)...#
.....##########
.....##.......#
.....##.#####.#######
.....÷.........5@..>#
.....#.....##########
)....#.###.#
.....#.###.#
.....#.#...#
.....#.#.### #####
.....#.....####...#
.....#..........#.#
######......÷...#.#


You could see Grinder.

Vanquished Creatures
  2 adders (D:2)
  An ooze (D:3)
  4 worms (D:3)
  3 dart slugs
  2 leopard geckos
  An orc (D:3)
  4 giant cockroaches
  5 hobgoblins
  7 jackals
  A ball python (D:1)
  5 bats
  3 frilled lizards
  8 goblins
  7 kobolds
  8 rats
61 creatures vanquished.

Notes
Turn   | Place    | Note
-------+----------+-------------------------------------------
     0 | D:1      | djmy96 the Spriggan Brigand began the quest for the Orb.
     0 | D:1      | Reached XP level 1. HP: 10/10 MP: 2/2
   152 | D:1      | Reached skill level 6 in Stealth
   252 | D:1      | Reached XP level 2. HP: 15/15 MP: 3/3
  1228 | D:2      | Reached skill level 7 in Stealth
  1230 | D:2      | Reached XP level 3. HP: 18/18 MP: 4/4
  2014 | D:3      | Reached XP level 4. HP: 23/23 MP: 5/5
  2205 | D:3      | Reached skill level 8 in Stealth
  2667 | D:4      | Noticed a lemure
  2667 | D:4      | Noticed Grinder
  2673 | D:4      | Noticed a lemure
  2702 | D:4      | Noticed a lemure
  2708 | D:3      | Paralysed by Grinder for 4 turns
  2721 | D:3      | Paralysed by Grinder for 3 turns
  2725 | D:3      | Killed from afar by Grinder

Illustrated notes

Levels and vault maps discovered:
D:1:      heliophobic_arrival_glass_houses, layout_basic
D:2:      layout_basic, grunt_ministairs_6, kennysheep_generic_room_10
D:3:      cheibrodos_helix_gallery, layout_basic
D:4:      layout_loops_ring, uniq_pikel, uniq_grinder, uniq_sigmund

Skill      XL: |  1  2  3  4 |
---------------+-------------+-----
Stealth        | 6 7 8 |  8.2
Fighting       | 2 |  2.0
Dodging        | 2 |  2.0
Short Blades   | |  2.9
Throwing       | |  2.0

Action                   |  1- 3 |  4- 6 || total
-------------------------+-------+-------++-------
Melee: Dagger            |    80 |    58 ||   138
Throw: Dart              |     4 |       ||     4
       Stone             |       |     2 ||     2
  Use: Potion            |       |     1 ||     1
 Stab: Sleeping          |    17 |     5 ||    22
       Distracted        |     3 |       ||     3
Armor: Robe              |     8 |     4 ||    12
Dodge: Dodged            |    37 |    23 ||    60

Table legend: (Time is in decaauts)
 A = Elapsed time spent in this place.
 B = Non-inter-level travel time spent in this place.
 C = Inter-level travel time spent in this place.
 D = Time resting spent in this place.
 E = Time spent auto-exploring this place.
 F = Levels seen in this place.
 G = Mean time per level.
                   A        B        C        D        E       F      G
               +--------+--------+--------+--------+--------+-----+--------+
         Total |   1865 |   1775 |     90 |     50 |   1360 |   4 |  466.2 |
       Dungeon |   1865 |   1775 |     90 |     50 |   1360 |   4 |  466.2 |
               +--------+--------+--------+--------+--------+-----+--------+

Top non-repeatable levels by time:
     D:1: 723 daAuts
     D:2: 572 daAuts
     D:3: 559 daAuts
     D:4: 9 daAuts
